 Dungeon Crawl Stone Soup version 0.15-a0-335-g04a2ae6 (webtiles) character file.

802 4tharraofdagon the Ruffian (level 7, -4/63 HPs)
             Began as a Naga Transmuter on May 1, 2014.
             Slain by an ogre zombie
             ... wielding a +0,+0 giant club
             ... animated by a shadow imp
              (23 damage)
             ... on Level 5 of the Dungeon.
             The game lasted 00:07:58 (934 turns).

4tharraofdagon the Ruffian (Naga Transmuter)         Turns: 934, Time: 00:07:58

HP  -4/63        AC  5     Str 15      XL: 7   Next: 69%
MP  10/12        EV 10     Int 18      God:
Gold 86          SH  0     Dex 11      Spells:  3 memorised,  1 level left

rFire  + . .     SeeInvis +       - Unarmed
rCold  . . .     Clarity  .     s - +0 leather armour (curse)
rNeg   . . .     Conserve .     (no shield)
rPois  +         rCorr    .     (no helmet)
rElec  .         rRot     .     g - +0 cloak
SustAb . .       Spirit   .     o - +0 pair of gloves
rMut   .         Warding  .     (no barding)
Saprov . . .     Stasis   .     (no amulet)
MR     .....                    r - +5 ring of intelligence
                                e - ring of protection from fire

@: very slow, not resistant to hostile enchantments, very unstealthy
A: spit poison, see invisible, deformed body, poison resistance, regeneration 1,
slowness 2, AC +2
a: Spit Poison


You were on level 5 of the Dungeon.
You were not hungry.

You visited 1 branch of the dungeon, and saw 5 of its levels.

You collected 86 gold pieces.

Inventory:

Missiles
 b - 12 arrows
 i - a poisoned dart (quivered)
Armour
 c - a +0 robe
 g - a +0 cloak (worn)
 o - a +0 pair of gloves (worn)
 s - a cursed +0 leather armour (worn)
Magical devices
 k - a wand of flame (11)
 p - a wand of slowing (14)
Comestibles
 a - 3 bread rations
 f - a meat ration
 h - a pear
 q - 4 rotting chunks of centaur flesh
Scrolls
 n - a scroll of remove curse
Jewellery
 e - a ring of protection from fire (left hand)
 r - a +5 ring of intelligence (right hand)
Potions
 j - a potion of haste {unknown}
 l - a potion of curing
 m - a potion of might {unknown}
Books
 d - a book of Changes

   Spells                             Type                      Level
   *Beastly Appendage                 Transmutation                1
   Sticks to Snakes                   Transmutation                2
   *Spider Form                       Transmutation/Poison         3
   Ice Form                           Ice/Transmutation            4
   *Blade Hands                       Transmutation                5


   Skills:
 + Level 3.8 Fighting
 + Level 3.2 Dodging
 * Level 5.8 Unarmed Combat
 - Level 2.0 Spellcasting
 + Level 4.2 Transmutations


You had one spell level left.
You knew the following spells:

 Your Spells              Type           Power        Failure   Level  Hunger
a - Beastly Appendage     Trmt           ###...       3%          1    #......
b - Spider Form           Trmt/Pois      #.........   24%         3    ####...
c - Blade Hands           Trmt           ###.......   87%         5    ######.


Dungeon Overview and Level Annotations

Branches:
Dungeon (5/15)
 Temple: D:4-7

Altars:
Yredelemnul

Annotations:
D:3 Sigmund


Innate Abilities, Weirdness & Mutations

You cannot wear boots.
You can spit poison.
Your serpentine skin is tough (AC +2).*
You have supernaturally acute eyesight.
Armour fits poorly on your strangely shaped body.*
Your system is resistant to poisons.*
You cover ground very slowly.*
Your natural rate of healing is unusually fast.


Message History

An ogre zombie comes into view. It is wielding a giant club.
Things that are here:
an uncursed bow; a wand of flame {zapped: 7}; 19 arrows
k - a wand of flame {zapped: 7} Unknown command.
Unknown command.
You hit the ogre zombie.
The ogre zombie hits you with a giant club.
You hit the ogre zombie. You hit the ogre zombie.
Your transformation has ended.
You fall off the wall.
Your +0 cloak unmelds from your body.
Your +0 pair of gloves unmelds from your body.
Your cursed +0 leather armour unmelds from your body.
The ogre zombie hits you with a giant club!
Unknown command.
You hit the ogre zombie but do no damage.
You hit the ogre zombie.
The ogre zombie hits you with a giant club!
You die...

#........#
#######(## #.#
#.# #.# #.# #.#
#(# #)# #@#
#...Z.........
........#######
.........
>....#### ....
.. .


You could see an ogre zombie.

Vanquished Creatures
  A sky beast (D:5)
  2 ogres (D:5)
  3 centaurs (D:5)
  A hound (D:5)
  An orc wizard (D:4)
  2 worker ants
  5 gnolls
  A shadow imp (D:5)
  2 adders (D:5)
  A giant mite (D:3)
  A giant eyeball (D:5)
  4 orcs (D:4)
  A goblin (D:1)
  4 hobgoblins
  2 jackals (D:3)
  2 quokkas
  4 bats
  A giant cockroach (D:4)
  3 kobolds
  A kobold zombie (D:5)
  6 rats
48 creatures vanquished.

Notes
Turn   | Place    | Note
--------------------------------------------------------------
     0 | D:1      | 4tharraofdagon, the Naga Transmuter, began the quest for the Orb.
     0 | D:1      | Reached XP level 1. HP: 18/18 MP: 3/3
    36 | D:1      | Reached XP level 2. HP: 25/25 MP: 4/4
   197 | D:3      | Reached XP level 3. HP: 12/32 MP: 6/6
   407 | D:4      | Reached XP level 4. HP: 34/39 MP: 7/7
   442 | D:3      | Noticed Sigmund
   516 | D:4      | Gained mutation: Your natural rate of healing is unusually fast. [potion of beneficial mutation]
   523 | D:4      | Reached skill level 4 in Unarmed Combat
   554 | D:4      | Learned a level 3 spell: Spider Form
   555 | D:4      | Noticed a human
   560 | D:4      | Found a basalt altar of Yredelemnul.
   579 | D:4      | Reached XP level 5. HP: 37/46 MP: 5/9
   624 | D:5      | Entered Level 5 of the Dungeon
   675 | D:5      | Paralysed by a giant eyeball for 3 turns
   689 | D:5      | Paralysed by a giant eyeball for 2 turns
   725 | D:5      | Noticed a centaur
   737 | D:5      | Killed a centaur
   737 | D:5      | Reached XP level 6. HP: 36/56 MP: 5/10
   800 | D:5      | Noticed a sky beast
   801 | D:5      | Noticed a centaur
   810 | D:5      | Killed a centaur
   813 | D:5      | Killed a sky beast
   813 | D:5      | Reached skill level 5 in Unarmed Combat
   813 | D:5      | Reached XP level 7. HP: 34/62 MP: 9/12
   893 | D:5      | Learned a level 5 spell: Blade Hands
   893 | D:5      | Noticed an ogre
   894 | D:5      | Noticed a centaur
   895 | D:5      | Noticed an ogre
   903 | D:5      | Killed an ogre
   904 | D:5      | :(
   912 | D:5      | Killed a centaur
   918 | D:5      | Killed an ogre
   934 | D:5      | Slain by an ogre zombie

Action                   |  1- 3 |  4- 6 |  7- 9 || total
-------------------------+-------+-------+-------++-------
Melee: Unarmed           |    40 |    82 |    42 ||   164
Throw: Dart              |       |     2 |       ||     2
 Cast: Spider Form       |       |     3 |     2 ||     5
 Abil: Spit Poison       |    18 |    13 |     1 ||    32
Evoke: Wand              |       |     1 |       ||     1
  Use: Potion            |     2 |     4 |     2 ||     8
       Scroll            |       |     1 |       ||     1
